AoeStats
← J.Try88

Arena

507342272Analyzed
2v2 RM · 15d ago on Sep 17, 2026· 49m 58s· 4 players
Game mode
Random Map
Map size
Medium (4 player)
Population
200
Speed
Normal
Resources
Standard
Victory
Conquest
Starting age
Dark Age
Ending age
Imperial Age
RankedLock teamsTeams togetherTeam positionsShared explorationLock speedFull tech treeHidden civsTurbo modeCheats
Victory
Defeat
🇳🇱 Poles · Netherlands
772
+15
🇫🇷 Vietnamese · France
768
+15
🇺🇸 Japanese · United States
742
-15
🇺🇸 Teutons · United States
739
-15
Tronfordogs
9:23 Feudal Age
9:56 Double-Bit Axe
13:30 Gold Mining
17:19 Castle Age
16:07 Stone Mining
17:44 Wheelbarrow
18:36 Forging
19:27 Bow Saw
21:58 Wheelbarrow
23:46 Gold Shaft Mining
24:14 Hand Cart
24:38 Squires
24:31 Arson
25:08 Pikeman
27:42 Yasama
29:29 Scale Mail Armor
30:39 Ballistics
30:00 Treadmill Crane
34:31 Iron Casting
34:13 Chain Mail Armor
34:02 Loom
34:36 Masonry
35:07 Bloodlines
34:57 Husbandry
39:24 Imperial Age
38:50 Light Cavalry
39:36 Fletching
40:15 Halberdier
41:42 Elite Skirmisher
42:58 Elite Samurai
MadKing
3:05 Loom
14:12 Feudal Age
14:45 Town Watch
15:00 Double-Bit Axe
15:09 Gold Mining
15:12 Stone Mining
20:56 Castle Age
19:29 Horse Collar
21:57 Town Patrol
22:53 Forging
22:33 Fletching
23:04 Scale Mail Armor
25:51 Heavy Plow
27:19 Iron Casting
29:52 Chain Mail Armor
33:55 Bow Saw
35:05 Wheelbarrow
39:02 Imperial Age
37:05 Hand Cart
39:37 Cavalier
40:32 Elite Teutonic Knight
41:44 Scale Barding Armor
42:55 Two-Man Saw
42:30 Fortified Wall
44:26 Crop Rotation
Roubiz
10:56 Feudal Age
11:28 Double-Bit Axe
11:28 Horse Collar
21:57 Castle Age
20:12 Gold Mining
20:15 Stone Mining
24:11 Bow Saw
25:34 Fletching
26:38 Wheelbarrow
27:26 Pikeman
29:21 Heavy Plow
30:13 Hand Cart
30:46 Bodkin Arrow
32:06 Ballistics
36:10 Imperial Age
34:04 Murder Holes
36:09 Scale Barding Armor
36:15 Forging
39:15 Crop Rotation
39:23 Stone Shaft Mining
39:50 Two-Man Saw
38:55 Bracer
38:56 Padded Archer Armor
39:33 Iron Casting
38:46 Arrowslits
40:02 Chemistry
39:30 Paper Money
39:13 Elite Rattan Archer
45:55 Elite Battle Elephant
46:55 Caravan
J.Try88
11:04 Feudal Age
12:13 Double-Bit Axe
12:43 Horse Collar
16:54 Castle Age
17:43 Wheelbarrow
18:38 Heavy Plow
19:02 Bow Saw
19:21 Gold Mining
20:28 Scale Barding Armor
20:54 Stone Mining
25:30 Light Cavalry
26:22 Bloodlines
26:14 Gold Mining
27:29 Hand Cart
26:44 Crossbowman
27:32 Fletching
27:54 Forging
27:51 Husbandry
28:48 Bodkin Arrow
30:26 Iron Casting
30:23 Thumb Ring
31:04 Padded Archer Armor
32:16 Leather Archer Armor
33:59 Chain Barding Armor
35:42 Town Watch
42:17 Imperial Age
39:59 Town Patrol
39:45 Loom
42:22 Szlachta Privileges
43:27 Conscription
43:43 Bracer
45:02 Capped Ram
45:10 Elite Skirmisher
45:12 Winged Hussar
45:15 Arbalester
47:13 Blast Furnace
48:10 Chemistry
47:32 Ballistics
48:32 Lechitic Legacy
48:56 Siege Ram
Connection lost

Rejoining the realm…

Still unreachable

The connection could not be restored.

Session expired

The server has moved on; the page needs a fresh start.